 Dungeon Crawl Stone Soup version 0.19.1-1-g22dce08 (webtiles) character file.

850 JeffiDaFish the Shield-Bearer (level 8, -1/49 HPs)
             Began as a Gargoyle Fighter on Jan 11, 2017.
             Was a Follower of Makhleb.
             Slain by an ogre
             ... wielding a cursed +0 giant club
              (19 damage)
             ... on level 5 of the Dungeon.
             The game lasted 00:08:31 (4304 turns).

JeffiDaFish the Shield-Bearer (Gargoyle Fighter)    Turns: 4304, Time: 00:08:31

Health: -1/49      AC: 16    Str: 20    XL:     8   Next: 1%
Magic:  9/9        EV:  6    Int:  9    God:    Makhleb [*.....]
Gold:   79         SH: 15    Dex: 11    Spells: 0 memorised, 7 levels left

rFire  . . .     SeeInvis .     a - +1 flail
rCold  . . .     Gourm    .     b - +0 scale mail
rNeg   + . .     Faith    .     w - +0 large shield {AC+3}
rPois  ∞         Spirit   .     (no helmet)
rElec  +         Reflect  .     u - +0 cloak
rCorr  .         Harm     .     (no gloves)
MR     .....                    (no boots)
Stlth  +.........               v - amulet of rage
                                (no ring)
                                o - ring of stealth

@: no status effects
A: negative energy resistance 1, electricity resistance, unbreathing,
petrification resistance, rot immunity, AC +5
a: Renounce Religion, Evoke Berserk Rage


You were on level 5 of the Dungeon.
You worshipped Makhleb.
Makhleb was aware of your devotion.
You were hungry.

You visited 1 branch of the dungeon, and saw 5 of its levels.

You collected 194 gold pieces.
You spent 115 gold pieces at shops.

Inventory:

Hand Weapons
 a - a +1 flail (weapon)
Armour
 b - a +0 scale mail (worn)
 u - a +0 cloak (worn)
 w - a +0 large shield of protection (worn)
Jewellery
 o - a ring of stealth (left hand)
 v - an amulet of rage (around neck)
Wands
 d - a wand of random effects (22/48)
Scrolls
 h - 6 scrolls of identify
 j - a scroll of blinking
 k - a scroll of fog
 n - 2 scrolls of remove curse
 p - 3 scrolls of teleportation
Potions
 e - 2 potions of invisibility
 l - a potion of curing
 r - a potion of flight
Comestibles
 c - a slice of pizza
 f - 3 bread rations
 g - 3 meat rations
 i - 14 fruits
 q - a beef jerky


   Skills:
 * Level 5.3 Fighting
 * Level 5.0 Maces & Flails
 * Level 5.2 Armour
 - Level 1.2 Dodging
 - Level 0.8 Stealth
 * Level 5.5 Shields
 + Level 1.5 Evocations


You had 7 spell levels left.
You didn't know any spells.

Dungeon Overview and Level Annotations

Branches:
Dungeon (5/15)
 Temple: D:4-7

Altars:
Elyvilon
Makhleb
Uskayaw

Shops:
D:4 [


Innate Abilities, Weirdness & Mutations

You are resistant to torment.
Your stone body is resilient. (AC +5)
You are immune to poison.
You resist negative energy. (rN+)
You are resistant to electric shocks. (rElec)
You can survive without breathing.
You are immune to petrification.
You are immune to rotting.


Message History

You open the door.
Found a stone staircase leading up.
There is an open door here.
g - 3 meat rations (gained 1)
There is an open door here.
There is a stone staircase leading down here.
You see here a trident.
An ogre comes into view. It is wielding a giant club.
The ogre shouts!
You block the ogre's attack.
You sock the ogre!
The ogre is moderately wounded.
The ogre hits you with a giant club!
Your shield prevents you from hitting the ogre.
The ogre is moderately wounded.
The ogre hits you with a giant club!!
You hit the ogre.
The ogre is moderately wounded.
The ogre hits you with a giant club!!
You die...

#........#..#.### #....
#.....##.#..#.# #####
#.....##.#..#.# ..
#.....##.#..#.# ....
#####.##.#..#.# #######
....#
#.....##.#..#.###.......
.....
#.######.#..#...........
..... #.#
#.#######....### ..###
#.######........@...#
#......# ######.O...#
######.# #.....+ #.#
#.....# #.########.#+#.#
#.##....#.. .#
#.....#.#.# ..
#######.#. ## #.......#


You could see an ogre.

Vanquished Creatures
  The ghost of frankzf the Changer, a novice DrTm of Hepliaklqana (D:5)
  The ghost of stormannnn the Scratcher, an amateur FeMo (D:4)
  A howler monkey (D:5)
  A crimson imp (D:5)
  A hound (D:4)
  3 iron imps (D:3)
  Jessica (D:2)
  An orc wizard (D:3)
  2 hound skeletons
  6 adders
  An ooze (D:3)
  An adder zombie (D:5)
  3 worms
  4 leopard geckos
  16 orcs
  7 giant cockroaches
  5 goblins
  5 hobgoblins
  10 jackals
  9 kobolds
  2 quokkas
  2 ball pythons
  4 bats
  8 frilled lizards
  A giant cockroach zombie (D:5)
  A leopard gecko skeleton (D:5)
  6 rats
103 creatures vanquished.

Notes
Turn   | Place    | Note
-------+----------+-------------------------------------------
     0 | D:1      | JeffiDaFish the Gargoyle Fighter began the quest for the Orb.
     0 | D:1      | Reached XP level 1. HP: 14/14 MP: 1/1
   229 | D:1      | Reached XP level 2. HP: 19/19 MP: 2/2
  1027 | D:2      | Reached XP level 3. HP: 18/24 MP: 3/3
  1091 | D:2      | Noticed Jessica
  1114 | D:2      | Killed Jessica
  1114 | D:2      | Reached XP level 4. HP: 21/29 MP: 4/4
  1887 | D:3      | Found a burning altar of Makhleb.
  1921 | D:3      | Reached XP level 5. HP: 16/33 MP: 5/5
  1925 | D:3      | Reached skill level 1 in Dodging
  1934 | D:3      | Became a worshipper of Makhleb the Destroyer
  2129 | D:3      | Reached XP level 6. HP: 37/38 MP: 6/6
  2339 | D:3      | Reached * piety under Makhleb
  2550 | D:3      | Found a glowing drain.
  3014 | D:4      | Found a hide-covered altar of Uskayaw.
  3014 | D:4      | Noticed stormannnn's ghost (amateur FeMo)
  3031 | D:4      | Killed stormannnn's ghost
  3474 | D:4      | Found Latwed's Armour Shop.
  3477 | D:4      | Bought a +0 large shield of protection for 115 gold pieces
  3650 | D:5      | Entered Level 5 of the Dungeon
  3650 | D:5      | Noticed frankzf's ghost (novice DrTm)
  3688 | D:5      | Killed frankzf's ghost
  3688 | D:5      | Reached skill level 5 in Fighting
  3688 | D:5      | Reached skill level 5 in Armour
  3688 | D:5      | Reached skill level 5 in Shields
  3688 | D:5      | Reached skill level 1 in Evocations
  3688 | D:5      | Reached XP level 7. HP: 16/44 MP: 6/8
  3912 | D:5      | Found a white marble altar of Elyvilon.
  4095 | D:5      | Reached skill level 5 in Maces & Flails
  4095 | D:5      | Reached XP level 8. HP: 47/49 MP: 9/9
  4304 | D:5      | Slain by an ogre

Skill      XL: |  1  2  3  4  5  6  7 |
---------------+----------------------+-----
Fighting       | 4 5 |  5.3
Maces & Flails | 3 4 5 |  5.0
Shields        | 4 5 |  5.5
Dodging        | 1 |  1.2
Armour         | 4 5 |  5.2
Evocations     | 1 |  1.5
Stealth        | |  0.8

Action                   |  1- 3 |  4- 6 |  7- 9 || total
-------------------------+-------+-------+-------++-------
Melee: Flail             |   102 |   284 |    60 ||   446
  Use: Scroll            |     5 |     7 |       ||    12
       Potion            |     2 |     8 |       ||    10
  Eat: Chunk             |     1 |     8 |     2 ||    11
Armor: Scale mail        |    56 |   155 |    19 ||   230
Dodge: Dodged            |    42 |    93 |     8 ||   143
Block: Shield            |    60 |   135 |       ||   195
       Large shield      |       |    15 |    33 ||    48
